 Dungeon Crawl Stone Soup version 0.29-a0-830-gcb1280458a (webtiles) character file.

Game seed: 16361485531874335384

1808 kae the Firebug (level 8, -1/57 HPs)
             Began as a Demigod Fire Elementalist on July 12, 2022.
             Slain by a gnoll
             ... wielding a +0 spear
             ... led by a gnoll sergeant
              (9 damage)
             ... on level 6 of the Dungeon.
             The game lasted 00:06:11 (7891 turns).

kae the Firebug (Demigod Fire Elementalist)         Turns: 7891, Time: 00:06:12

Health: -1/57      AC:  2    Str:  9    XL:     8   Next: 54%
Magic:  10/18      EV: 12    Int: 25    God:
Gold:   311        SH:  0    Dex: 14    Spells: 3/16 levels left

rFire   + . .      SeeInvis .   C - +1 short sword (freeze)
rCold   + . .      Faith    .   (no shield)
rNeg    . . .      Spirit   .   a - +0 robe
rPois   .          Reflect  .   (no helmet)
rElec   .          Harm     .   k - scarf {rC+ rF+}
rCorr   .          Rampage  .   (no gloves)
Will    .....                   (no boots)
Stlth   ++........              (no amulet)
HPRegen 0.19/turn               (no ring)
MPRegen 0.16/turn               (no ring)

@: no status effects
A: high MP 1, forlorn, divine attributes
a: no special abilities


You were on level 6 of the Dungeon.
You visited 1 branch of the dungeon, and saw 6 of its levels.

You collected 333 gold pieces.
You spent 22 gold pieces at shops.


Innate Abilities, Weirdness & Mutations

You have an increased reservoir of magic. (+10% MP)
You shall have no god before yourself.
Your divine heritage dramatically boosts your attributes as you level up.


   Skills:
 - Level 1.7 Dodging
 - Level 1.7 Stealth
 + Level 4.5 Spellcasting
 * Level 6.6 Conjurations
 * Level 7.1 Fire Magic


You had 3 spell levels left.
You knew the following spells:

 Your Spells              Type           Power      Damage    Failure   Level
a - Foxfire               Conj/Fire      100%       2x1d9     1%          1
b - Scorch                Fire           82%        2d9       1%          2
c - Conjure Flame         Conj/Fire      40%        6-21      1%          3
d - Inner Flame           Hex/Fire       23%        N/A       6%          3
e - Flame Wave            Conj/Fire      40%        2d9       4%          4

Your spell library contained the following spells:

 Spells                   Type           Power      Damage    Failure   Level
 Ensorcelled Hibernation  Hex/Ice        10%        N/A       13%         2
 Spider Form              Tmut/Pois      5%         N/A       26%         3
 Anguish                  Hex/Necr       2%         N/A       65%         4
 Petrify                  Tmut/Erth      5%         N/A       65%         4
 Summon Lightning Spire   Summ/Air       5%         N/A       65%         4
 Alistair's Intoxication  Tmut/Pois      3%         N/A       94%         5
 Statue Form              Tmut/Erth      3%         N/A       100%        6
 Storm Form               Tmut/Air       2%         N/A       100%        7
 Maxwell's Capacitive Co  Air            2%         โˆž       100%        8

Inventory:

Hand Weapons
 C - a +1 short sword of freezing (weapon)
   (You took it off an orc on level 3 of the Dungeon)
 H - a +5 short sword
   (You took it off an orc on level 4 of the Dungeon)
Missiles
 c - 15 poisoned darts
 f - 45 stones
Armour
 a - a +0 robe (worn)
 b - a +0 chain mail
   (You found it on level 2 of the Dungeon)
 g - a +0 leather armour
   (You took it off an orc on level 4 of the Dungeon)
 k - a scarf of resistance (worn)
   (You found it on level 1 of the Dungeon)
 l - a +0 leather armour
   (You found it on level 2 of the Dungeon)
 m - a +0 leather armour
   (You took it off a kobold on level 2 of the Dungeon)
 n - a +0 robe
   (You found it on level 2 of the Dungeon)
 o - a +0 chain mail
   (You took it off an orc on level 4 of the Dungeon)
 q - a +0 leather armour
   (You took it off an orc on level 4 of the Dungeon)
 r - a +1 scale mail of cold resistance
   (You found it on level 3 of the Dungeon)
 u - a +0 ring mail
   (You found it on level 3 of the Dungeon)
 w - a +0 robe
   (You found it on level 4 of the Dungeon)
 x - a +0 leather armour
   (You found it on level 3 of the Dungeon)
 z - a +0 chain mail
   (You found it on level 3 of the Dungeon)
 B - a +0 ring mail
   (You took it off an orc on level 3 of the Dungeon)
 E - a +0 leather armour
   (You took it off an orc priest on level 4 of the Dungeon)
 F - a +0 ring mail
   (You found it on level 5 of the Dungeon)
 G - a +0 ring mail
   (You took it off Duvessa on level 6 of the Dungeon)
 I - a +0 leather armour
   (You took it off an orc priest on level 4 of the Dungeon)
 K - a +0 scale mail
   (You found it on level 5 of the Dungeon)
 L - a +0 robe
   (You took it off Dowan on level 6 of the Dungeon)
 M - a +0 leather armour
   (You found it on level 5 of the Dungeon)
 N - a +0 robe
   (You took it off an orc wizard on level 5 of the Dungeon)
 O - a +0 scale mail
   (You found it on level 5 of the Dungeon)
 Q - a +0 pair of gloves
   (You found it on level 6 of the Dungeon)
 S - a +0 ring mail
   (You found it on level 6 of the Dungeon)
 U - a +0 ring mail
   (You found it on level 6 of the Dungeon)
Magical Staves
 h - a staff of cold {!a}
   (You found it on level 1 of the Dungeon)
 t - a staff of air {!a}
   (You found it on level 3 of the Dungeon)
 T - a staff of cold {!a}
   (You found it on level 6 of the Dungeon)
Wands
 y - a wand of charming (7)
   (You found it on level 3 of the Dungeon)
Scrolls
 e - a scroll of fog
 i - a scroll of summoning
 j - 9 scrolls of teleportation {@r4}
 D - a scroll of silence {!r}
Potions
 d - 3 potions of lignification {!q}
 p - 2 potions of heal wounds {@q2}
 s - a potion of resistance
 v - a potion of flight
 A - 3 potions of degeneration {!q}
 J - 2 potions of might
 P - a potion of magic
 R - a potion of invisibility

Dungeon Overview and Level Annotations

Branches:
Dungeon (6/15) Zot: 26401
 Temple: D:4-7

Shops:
D:2 ? D:3

: ....). .......#..... ......
#............. ### ....##
#.............
##.###....##..............
#.........................
##.........gg#............. #...
#.......#..##...#.....
##..###....@ยง##...#.........
#....#.....ยงโ€ #....#....#..##
#.......##.#......##..##.###
###..##...#####..........#..##
##....##...### #..............#
###.....##.....###...........#...
#....#.......................#...
....###........##...............>
...## ###...######.......).......


You could see a gnoll sergeant and a gnoll (combustible).


Message History

There is a stone staircase leading up here.
You start resting. ๐Ÿ˜จ HP[+3] MP[+3]
You regained 3 hp, and now have 21/57 hp.
Your mp is fully restored (18).
You climb upwards.
There is a stone staircase leading down here. ๐Ÿ˜จ HP[+1]
You start resting. ๐Ÿ˜• HP[+26]
You regained 26 hp, and now have 48/57 hp.
Partly explored, can't reach some places. ๐Ÿ˜Ž HP[+9]
Your hp is fully restored (57).
Partly explored, can't reach some places.
Partly explored, can't reach some places.
Partly explored, can't reach some places.
(D) Dungeon
Where to? (Enter - D:6, ? - help)
There is a stone staircase leading down here.
You climb downwards.
There is a stone staircase leading up here.
c - 15 poisoned darts (gained 4)
You now have 296 gold pieces (gained 19).
A - 3 potions of degeneration {!q} (gained 1)
You now have 311 gold pieces (gained 15).
T - a staff of cold {!a}
d - 3 potions of lignification {!q} (gained 1)
U - a +0 ring mail An adder comes into view.
An adder is nearby!
An adder is nearby!
An adder is nearby!
Casting: Foxfire (safe; 1% risk of failure)
Confirm with . or Enter, or press ? or * to list all spells.
You conjure some foxfire!
The adder hisses angrily.
The foxfire hits the adder. x2 ๐Ÿ˜Ž MP[-1]
You lost 1 mp, and now have 17/18 mp.
Casting: Foxfire (safe; 1% risk of failure)
Confirm with . or Enter, or press ? or * to list all spells.
You conjure some foxfire!
The foxfire hits the adder.
The foxfire hits the gnoll sergeant. ๐Ÿ˜Ž MP[-1]
You lost 1 mp, and now have 16/18 mp.
There are monsters nearby!
Casting: Foxfire (safe; 1% risk of failure)
Confirm with . or Enter, or press ? or * to list all spells.
You conjure some foxfire!
The adder barely misses you.
The foxfire hits the adder.
You kill the adder!
The foxfire hits the gnoll sergeant.
Casting: Foxfire (safe; 1% risk of failure)
Confirm with . or Enter, or press ? or * to list all spells.
You conjure some foxfire!
The foxfire hits the gnoll sergeant.
The foxfire hits the gnoll sergeant but does no damage.
The gnoll sergeant hits you from afar with a +0 trident. ๐Ÿ˜• HP[-3] MP[-1]
You take 3 damage, and now have 54/57 hp.
You lost 1 mp, and now have 15/18 mp.
Casting: Foxfire (safe; 1% risk of failure)
Confirm with . or Enter, or press ? or * to list all spells.
You conjure some foxfire!
The gnoll sergeant hits you from afar with a +0 trident!
The foxfire hits the gnoll sergeant but does no damage.
The foxfire hits the gnoll sergeant.
The gnoll sergeant hits you from afar with a +0 trident! ๐Ÿ˜ฎ HP[-19] MP[-1]
You take 19 damage, and now have 35/57 hp.
MASSIVE DAMAGE!! (PAUSE)
You lost 1 mp, and now have 14/18 mp.
Casting: Foxfire (safe; 1% risk of failure)
Confirm with . or Enter, or press ? or * to list all spells.
Flames lash the gnoll sergeant.
The gnoll sergeant's fire resistance burns away.
The gnoll sergeant closely misses you.
The gnoll sergeant hits you from afar with a +0 trident!
* * * LOW HITPOINT WARNING * * *
Casting: Scorch (safe; 1% risk of failure)
Confirm with . or Enter, or press ? or * to list all spells.
You conjure some foxfire!
The gnoll sergeant hits you from afar with a +0 trident!
* * * LOW HITPOINT WARNING * * *
The foxfire hits the gnoll sergeant but does no damage.
The foxfire hits the gnoll sergeant.
The gnoll sergeant hits you from afar with a +0 trident!
* * * LOW HITPOINT WARNING * * *
๐Ÿ˜ฑ HP[-28] MP[-2]
You take 28 damage, and now have 7/57 hp.
MASSIVE DAMAGE!! (PAUSE)
You lost 2 mp, and now have 12/18 mp.
Casting: Foxfire (safe; 1% risk of failure)
Confirm with . or Enter, or press ? or * to list all spells.
Flames lash the gnoll.
The gnoll's fire resistance burns away.
The gnoll sergeant is no longer more vulnerable to fire.
The gnoll sergeant closely misses you.
The gnoll hits you from afar with a +0 spear!
You die...

Skill      XL: |  1  2  3  4  5  6  7  8 |
---------------+-------------------------+-----
Conjurations   | 1 2 4 5 6 |  6.6
Fire Magic     | 3 4 5 6 7 |  7.1
Spellcasting   | 2 3 4 |  4.5
Dodging        | |  1.7
Stealth        | |  1.7

Action                   |  1- 3 |  4- 6 |  7- 9 || total
-------------------------+-------+-------+-------++-------
Melee: Unarmed           |     6 |       |       ||     6
       Short sword       |       |     1 |     1 ||     2
 Cast: Foxfire           |    63 |    93 |    74 ||   230
       Scorch            |     5 |    26 |    15 ||    46
       Conjure Flame     |       |     1 |     5 ||     6
       Inner Flame       |       |       |     2 ||     2
  Use: Potion            |     4 |       |       ||     4
       Scroll            |     3 |     6 |     5 ||    14
Armor: Robe              |     8 |     8 |     3 ||    19
       Skin              |     3 |       |       ||     3
Dodge: Dodged            |    25 |    22 |    29 ||    76

Levels and vault maps discovered:
D:1:      dpeg_arrival_court, layout_basic
D:2:      layout_rooms, ebering_ecumenical_altar_rust, serial_shops, shop
D:3:      layout_basic, mainiacjoe_overflow_boulevard,
          hangedman_decor_clover_reticule, nicolae_shop_vocational
D:4:      layout_basic, uniq_grinder
D:5:      kennysheep_big_flooded_room, layout_loops_ring,
          gammafunk_temple_overflow_elements
D:6:      layout_cave_pools, mainiacjoe_overflow_brackets, uniq_duvessa

Notes
Turn   | Place    | Note
-------+----------+-------------------------------------------
     0 | D:1      | kae the Demigod Fire Elementalist began the quest for the
                  | Orb.
     0 | D:1      | Reached XP level 1. HP: 14/14 MP: 5/5
     0 | D:1      | magus.rc [v1.11.3]
    72 | D:1      | Reached skill level 1 in Conjurations
   493 | D:1      | Reached skill level 3 in Fire Magic
   493 | D:1      | Reached XP level 2. HP: 20/20 MP: 2/7
   541 | D:1      | Reached skill level 2 in Spellcasting
   692 | D:1      | Learned a level 2 spell: Scorch
   850 | D:1      | You pick up a book of the Sky and begin reading...
   850 | D:1      | You add the spells Summon Lightning Spire, Storm Form and
                  | Maxwell's Capacitive Coupling to your library.
  1325 | D:1      | Reached XP level 3. HP: 26/26 MP: 3/8
  1636 | D:2      | Reached skill level 2 in Conjurations
  1647 | D:2      | HP: 5/26 [gnoll/+0 club (5)]
  1650 | D:2      | HP: 1/26 [gnoll/+0 club (5)]
  1657 | D:2      | HP: 6/39 [gnoll/+0 spear (4)]
  1767 | D:2      | Reached XP level 4. HP: 17/33 MP: 6/10
  2004 | D:2      | Found Barrugot's Magic Scroll Emporium.
  2012 | D:2      | Bought a scroll of identify for 22 gold pieces
  2016 | D:2      | Learned a level 3 spell: Conjure Flame
  3020 | D:3      | Found Siroasul's Vocational Training.
  3080 | D:3      | Reached skill level 4 in Fire Magic
  3105 | D:3      | You pick up a book of Dreams and begin reading...
  3105 | D:3      | You add the spells Ensorcelled Hibernation, Spider Form and
                  | Anguish to your library.
  3368 | D:3      | Reached XP level 5. HP: 38/38 MP: 9/11
  3697 | D:4      | Reached skill level 3 in Conjurations
  3703 | D:4      | Noticed Grinder
  3779 | D:4      | Learned a level 3 spell: Inner Flame
  4139 | D:4      | Killed Grinder
  4140 | D:4      | Reached skill level 3 in Spellcasting
  4140 | D:4      | Reached skill level 4 in Conjurations
  4140 | D:4      | Reached XP level 6. HP: 43/45 MP: 2/13
  4574 | D:3      | Reached skill level 5 in Fire Magic
  4892 | D:4      | You add the spells Petrify, Alistair's Intoxication and
                  | Statue Form to your library.
  4892 | D:4      | Got the Monograph on Variation
  5079 | D:4      | Reached XP level 7. HP: 14/50 MP: 9/15
  5524 | D:4      | HP: 12/50 [poisoned by a scorpion]
  6026 | D:5      | Entered Level 5 of the Dungeon
  6032 | D:5      | Learned a level 4 spell: Flame Wave
  6044 | D:5      | Reached skill level 5 in Conjurations
  6241 | D:5      | Reached skill level 6 in Fire Magic
  6410 | D:5      | Reached skill level 4 in Spellcasting
  6831 | D:5      | Noticed a yak
  6837 | D:5      | Reached XP level 8. HP: 55/57 MP: 14/17
  6844 | D:5      | HP: 14/57 [yak (7)]
  7294 | D:6      | Noticed Duvessa
  7294 | D:6      | Noticed Dowan
  7301 | D:6      | Killed Duvessa
  7302 | D:6      | Reached skill level 6 in Conjurations
  7318 | D:6      | Killed Dowan
  7319 | D:6      | Reached skill level 7 in Fire Magic
  7889 | D:6      | HP: 14/57 [gnoll sergeant/+0 trident (13)]
  7891 | D:6      | Slain by a gnoll

Vanquished Creatures
  Grinder (D:4)
  A yak (D:5)
  A water moccasin (D:5)
  Duvessa (D:6)
  An ice beast (D:5)
  A sky beast (D:6)
  A black bear (D:4)
  2 phantoms
  2 necrophages
  2 scorpions (D:4)
  A bullfrog (D:6)
  Dowan (D:6)
  A howler monkey (D:5)
  A hound (D:5)
  2 orc priests (D:4)
  4 iguanas
  An orc wizard (D:5)
  9 gnolls
  6 adders
  A shadow imp (D:6)
  A white imp (D:6)
  An ufetubus (D:5)
  3 dart slugs
  11 orcs
  6 ball pythons
  7 endoplasms
  4 giant cockroaches
  9 goblins
  8 hobgoblins
  4 jackals (D:1)
  9 kobolds
  9 bats
  2 frilled lizards (D:1)
  6 rats
120 creatures vanquished.

Vanquished Creatures (collateral kills)
  A foxfire (D:4)
1 creature vanquished.

Vanquished Creatures (others)
  374 foxfires
374 creatures vanquished.

Grand Total: 495 creatures vanquished

Table legend:
 A = Non-vault XP
 B = Vault XP
 C = Vault XP percentage of total XP
 D = Non-vault monster count
 E = Vault monster count
 F = Vault count percentage of total count
                 A         B        C        D         E       F
            +---------+---------+-------+---------+---------+-------
      Total |    1853 |     730 |  28.3 |     115 |       5 |   4.2
            +---------+---------+-------+---------+---------+-------
        D:1 |      51 |       0 |   0.0 |      30 |       0 |   0.0
        D:2 |      93 |       0 |   0.0 |      12 |       0 |   0.0
        D:3 |     200 |       0 |   0.0 |      23 |       0 |   0.0
        D:4 |     528 |     277 |  34.4 |      29 |       1 |   3.3
        D:5 |     525 |     242 |  31.6 |      11 |       2 |  15.4
        D:6 |     456 |     211 |  31.6 |      10 |       2 |  16.7
            +---------+---------+-------+---------+---------+-------

Illustrated notes

Table legend:
 A = Kills in this place as a percentage of kills in entire the game.
 B = Kills by you in this place as a percentage of kills by you in the entire game.
 C = Kills by friends in this place as a percentage of kills by friends in the entire game.
 D = Other kills in this place as a percentage of other kills in the entire game.
 E = Experience gained in this place as a percentage of experience gained in the entire game.
 F = Experience gained in this place divided by the number of levels of this place that you have seen.
                   A       B       C       D       E      F
               +-------+-------+-------+-------+-------+----------------------
         Total | 100.0 | 100.0 |   N/A |   N/A | 100.0 | 430.5
       Dungeon | 100.0 | 100.0 |   N/A |   N/A | 100.0 | 430.5
               +-------+-------+-------+-------+-------+----------------------

Table legend: (Time is in decaauts)
 A = Elapsed time spent in this place.
 B = Non-inter-level travel time spent in this place.
 C = Inter-level travel time spent in this place.
 D = Time resting spent in this place.
 E = Time spent auto-exploring this place.
 F = Levels seen in this place.
 G = Mean time per level.
                   A        B        C        D        E       F      G
               +--------+--------+--------+--------+--------+-----+--------+
         Total |   7894 |   7608 |    286 |   1033 |   5556 |   6 | 1315.7 |
       Dungeon |   7894 |   7608 |    286 |   1033 |   5556 |   6 | 1315.7 |
               +--------+--------+--------+--------+--------+-----+--------+

Top non-repeatable levels by time:
     D:3: 1864 daAuts
     D:4: 1685 daAuts
     D:1: 1535 daAuts
     D:5: 1468 daAuts
     D:2: 944 daAuts
     D:6: 397 daAuts
